 Dungeon Crawl Stone Soup version 0.17.0-19-gb37c632 (console) character file.

139 Kloppie the Chucker (level 4, 0/38 HPs)
             Began as a Demigod Hunter on Nov 12, 2015.
             Killed by divine providence
             ... invoked by an orc priest
              (14 damage)
             ... on level 2 of the Dungeon.
             The game lasted 00:04:22 (2408 turns).

Kloppie the Chucker (Demigod Hunter)                Turns: 2408, Time: 00:04:22

Health: 0/38       AC:  8    Str: 17    XL:     4   Next: 70%
Magic:  6/6        EV: 10    Int: 15    God:
Gold:   58         SH:  0    Dex: 16    Spells: 0 memorised, 3 levels left

rFire  . . .     SeeInvis .     u - +0 flail
rCold  . . .     Clarity  .     d - +0 scale mail {rPois}
rNeg   . . .     SustAt   +     (no shield)
rPois  +         Gourm    .     f - +2 hat
rElec  .         Spirit   .     (no cloak)
rCorr  .         Warding  .     (no gloves)
rMut   .         Stasis   .     (no boots)
MR     .....                    (no amulet)
Stlth  ..........               (no ring)
                                (no ring)

@: not resistant to hostile enchantments, extremely unstealthy
A: high mp 1, sustain attributes
a: no special abilities


You were on level 2 of the Dungeon.
You were not hungry.

You visited 1 branch of the dungeon, and saw 3 of its levels.

You collected 58 gold pieces.

Inventory:

Hand Weapons
 c - a +0 short sword
 i - a +0 mace
 u - a +0 flail (weapon)
Missiles
 a - 6 javelins (quivered)
 b - 2 throwing nets
 h - 30 poisoned needles
Armour
 d - a +0 scale mail of poison resistance (worn)
 f - a +2 hat (worn)
 m - a +0 chain mail
Jewellery
 p - a +2 ring of intelligence {unknown}
Scrolls
 j - 2 scrolls of teleportation {unknown}
 k - a scroll of remove curse {unknown}
 l - 2 scrolls of identify {unknown}
 n - a scroll of enchant armour {unknown}
 r - a scroll of amnesia {unknown}
Potions
 g - a potion of cancellation {unknown}
 o - a potion of haste {unknown}
 q - 3 potions of agility {unknown}
 s - a potion of poison {unknown}
Comestibles
 e - a bread ration
 t - 2 chunks of flesh


   Skills:
 + Level 3.2 Fighting
 + Level 1.9 Maces & Flails
 - Level 4.0 Throwing
 + Level 1.7 Armour
 - Level 1.7 Dodging
 - Level 0.8 Stealth


You had 3 spell levels left.
You didn't know any spells.

Dungeon Overview and Level Annotations

Branches:
Dungeon (3/15)


Innate Abilities, Weirdness & Mutations

You have an increased reservoir of magic (+10% MP).
Your attributes are resistant to harm.


Message History

a leather armour; a scale mail; a mace
There is a stone staircase leading down, spattered with blood here.
You climb downwards.
There is a stone staircase leading up here.
The orc priest mumbles some strange prayers to Beogh against you.
Something smites you!
The orc priest hits you but does no damage.
You climb upwards.
There is a stone staircase leading down, spattered with blood here.
You hit the orc priest but do no damage.
The orc priest calls down the wrath of Beogh upon you.
Something smites you!
* * * LOW HITPOINT WARNING * * *
You are too injured to fight recklessly!
You closely miss the orc priest.
The orc priest hits you but does no damage.
You closely miss the orc priest.
The orc priest mumbles some strange prayers to Beogh against you.
Something smites you!
You die...

#.....# #.....#
#.....# ##.....#
##.....# ##.....#
)#.....#
.....#.###########
.....+.........o@#
..)..#..##.#######
.....#..##.#
#.####..##.#
...###..##.#
........##.#
........##.#
.<......##.#
........##.#


You could see an orc priest.

Vanquished Creatures
  A giant frog (D:3)
  Terence (D:2)
  An adder (D:3)
  An ooze (D:2)
  A worm (D:2)
  3 giant geckos
  3 orcs (D:2)
  4 bats (D:1)
  5 hobgoblins
  3 kobolds (D:1)
  4 giant cockroaches
  3 giant newts
  2 goblins (D:1)
  2 jackals (D:1)
  6 rats
40 creatures vanquished.

Notes
Turn   | Place    | Note
--------------------------------------------------------------
     0 | D:1      | Kloppie the Demigod Hunter began the quest for the Orb.
     0 | D:1      | Reached XP level 1. HP: 17/17 MP: 3/3
   556 | D:1      | Reached XP level 2. HP: 24/24 MP: 4/4
   954 | D:1      | Reached skill level 4 in Throwing
  1388 | D:2      | Noticed Terence
  1398 | D:2      | Killed Terence
  1398 | D:2      | Reached skill level 1 in Maces & Flails
  1398 | D:2      | Reached skill level 1 in Armour
  1398 | D:2      | Reached XP level 3. HP: 30/30 MP: 5/5
  2064 | D:3      | Noticed a giant frog
  2074 | D:3      | Killed a giant frog
  2074 | D:3      | Reached XP level 4. HP: 25/38 MP: 6/6
  2408 | D:2      | Killed from afar by an orc priest

Action                   |  1- 3 |  4- 6 || total
-------------------------+-------+-------++-------
Melee: Short sword       |    28 |       ||    28
       Mace              |   106 |    14 ||   120
       Flail             |       |     6 ||     6
Throw: Javelin           |     3 |       ||     3
 Stab: Sleeping          |     3 |       ||     3
  Eat: Chunk             |     4 |     1 ||     5
